 Dungeon Crawl Stone Soup version 0.27-a0-1196-g3e9cee4cb2 (webtiles) character file.

Game seed: 16613099188274309626

1826 bilbop the Skirmisher (level 8, -18/73 HPs)
             Began as a Minotaur Fighter on May 29, 2021.
             Killed from afar by Maggie (22 damage)
             ... with a bolt of fire
             ... on level 6 of the Dungeon.
             The game lasted 00:22:42 (6422 turns).

bilbop the Skirmisher (Minotaur Fighter)            Turns: 6422, Time: 00:22:43

Health: -18/73     AC: 20    Str: 22    XL:     8   Next: 86%
Magic:  7/7        EV:  5    Int:  5    God:
Gold:   214        SH: 11    Dex: 11    Spells: 7/7 levels left

rFire    . . .     SeeInvis .   i - +2 flail (protect)
rCold    . . .     Faith    .   c - +0 kite shield
rNeg     . . .     Spirit   .   g - +0 plate armour
rPois    .         Reflect  .   (helmet restricted)
rElec    .         Harm     .   (no cloak)
rCorr    .         Rampage  .   (no gloves)
Will     .....                  (no boots)
Stlth    ..........             (no amulet)
HPRegen  0.22/turn              w - ring of flight
MPRegen  0.10/turn              (no ring)

@: under a protective aura, flying, studying Maces & Flails
A: horns 2, retaliatory headbutt
a: no special abilities


You were on level 6 of the Dungeon.
You visited 1 branch of the dungeon, and saw 6 of its levels.

You collected 214 gold pieces.

Inventory:

Hand Weapons
 a - a +0 flail
 i - a +2 flail of protection (weapon)
 B - a +1 whip of electrocution
Missiles
 h - 26 sling bullets
 q - a throwing net (quivered)
Armour
 b - a +0 scale mail
 c - a +0 kite shield (worn)
 g - a +0 plate armour (worn)
Jewellery
 w - a ring of flight (left hand)
Wands
 x - a wand of digging (6)
Scrolls
 f - a scroll of enchant weapon
 m - a scroll of summoning {unknown}
 o - 2 scrolls of teleportation
 r - a scroll of enchant armour {unknown}
 s - a scroll of vulnerability {unknown}
 t - 2 scrolls of silence
 u - a scroll of magic mapping {unknown}
 y - a scroll of noise {unknown}
 z - a scroll of fear {unknown}
 C - a scroll of blinking {unknown}
Potions
 d - a potion of might
 e - 2 potions of ambrosia
 j - a potion of lignification {unknown}
 k - a potion of degeneration {unknown}
 l - a potion of haste {unknown}
 n - a potion of brilliance {unknown}
 v - a potion of curing
 A - a potion of heal wounds {unknown}
Miscellaneous
 p - a piece from Xom's chessboard (15/15)


   Skills:
 + Level 7.1 Fighting
 + Level 6.8 Maces & Flails
 + Level 7.1 Armour
 + Level 7.1 Shields
 + Level 4.4 Evocations


You had 7 spell levels left.
You didn't know any spells.
Your spell library contained the following spells:

 Spells                   Type           Power      Damage    Failure   Level
 Beastly Appendage        Tmut           0%         N/A       100%        1
 Magic Dart               Conj           0%         1d3       100%        1
 Blink                    Tloc           N/A        N/A       100%        2
 Call Imp                 Summ           0%         N/A       100%        2
 Slow                     Hex            0%         N/A       100%        2
 Wereblood                Tmut           0%         N/A       100%        2
 Confusing Touch          Hex            0%         N/A       100%        3
 Conjure Flame            Conj/Fire      0%         6-21      100%        3
 Gell's Gravitas          Tloc           0%         N/A       100%        3
 Mephitic Cloud           Conj/Pois/Air  0%         N/A       100%        3
 Spider Form              Tmut/Pois      0%         N/A       100%        3
 Ice Form                 Ice/Tmut       0%         N/A       100%        4
 Petrify                  Tmut/Erth      0%         N/A       100%        4
 Bolt of Magma            Conj/Fire/Erth 0%         4d4       100%        5
 Hydra Form               Tmut           0%         N/A       100%        5
 Iskenderun's Battlesphe  Conj           0%         2d6       100%        5
 Metabolic Englaciation   Hex/Ice        0%         N/A       100%        5
 Yara's Violent Unravell  Hex/Tmut       0%         3d3       100%        5
 Iron Shot                Conj/Erth      0%         9d1       100%        6
 Orb of Destruction       Conj           0%         N/A       100%        7
 Spellforged Servitor     Conj/Summ      0%         N/A       100%        7


Dungeon Overview and Level Annotations

Branches:
Dungeon (6/15)             Temple (0/1) D:6

Altars:
Ashenzari
Cheibriados
Dithmenos
Elyvilon
Xom

Shops:
D:5 *

Annotations:
D:6 Maggie


Innate Abilities, Weirdness & Mutations

You have a pair of horns on your head.
You reflexively headbutt those who attack you in melee.


Message History

Maggie is moderately wounded.
You feel sick.
You are no longer poisoned.
Maggie hits you with a +0 long sword.
You barely miss Maggie. Your headbutt misses Maggie.
Maggie is moderately wounded.
Maggie hits you with a +0 long sword! Maggie barely misses you.
You hit Maggie.
Maggie is moderately wounded.
Maggie hits you but does no damage.
Your shield and plate armour prevent you from hitting Maggie.
Your headbutt misses Maggie.
Maggie is moderately wounded.
Maggie hits you but does no damage.
You barely miss Maggie.
Maggie is moderately wounded.
Maggie gestures at you while chanting. The bolt of fire hits you!!
You block Maggie's attack.
You closely miss Maggie. Your headbutt misses Maggie.
Maggie is moderately wounded.
Maggie hits you but does no damage.
You closely miss Maggie.
Maggie is moderately wounded.
Maggie points at you and mumbles some strange words.
The bolt of fire hits you!
* * * LOW HITPOINT WARNING * * *
You thump Maggie!
Your weapon exudes an aura of protection.
You headbutt Maggie!
Maggie is severely wounded.
Maggie hits you with a +0 long sword!
* * * LOW HITPOINT WARNING * * *
You hit Maggie.
Maggie is almost dead.
Maggie drinks a potion.
Maggie is healed!
You hit Maggie. You headbutt Maggie!
Maggie is almost dead.
Maggie casts a spell at you. The bolt of fire hits you!!
You die...

. ... ##. #... #..
#..# #.##..# #.
#....##.. #...
#.......> . ...#
####.@..# . #..#
##..#@## .# .
#..###......## #.#..
#..##........##..Y..#
#............Z#.....#
#....................
#........>...<.....#
#....................
##................###
#..#.............#


You could see Maggie and a water moccasin zombie.

Vanquished Creatures
  Eustachio (D:6)
  2 steam dragons (D:5)
  Edmund (D:6)
  2 water moccasins (D:5)
  2 ogres
  2 centaurs
  3 scorpions
  2 water moccasin skeletons (D:4)
  A centaur zombie (D:5)
  5 hounds
  A bullfrog skeleton (D:6)
  3 iguanas
  A hound skeleton (D:5)
  3 gnolls (D:5)
  9 adders
  A shadow imp (D:6)
  2 dart slugs
  A worm (D:2)
  9 orcs
  15 ball pythons
  7 bats
  8 endoplasms
  A giant cockroach (D:3)
  2 goblins
  4 hobgoblins
  6 jackals (D:1)
  2 quokkas
  5 frilled lizards
  6 kobolds
  7 rats
114 creatures vanquished.

Vanquished Creatures (others)
  26 fungi
  2 plants (D:6)
28 creatures vanquished.

Grand Total: 142 creatures vanquished

Notes
Turn   | Place    | Note
-------+----------+-------------------------------------------
     0 | D:1      | bilbop the Minotaur Fighter began the quest for the Orb.
     0 | D:1      | Reached XP level 1. HP: 19/19 MP: 0/0
    90 | D:1      | Reached XP level 2. HP: 27/27 MP: 1/1
   622 | D:1      | Found a faded altar of an unknown god.
   842 | D:2      | Reached XP level 3. HP: 29/33 MP: 2/2
   970 | D:2      | Reached skill level 1 in Evocations
  1267 | D:2      | Reached XP level 4. HP: 40/40 MP: 3/3
  1651 | D:3      | Found a shimmering altar of Xom.
  2691 | D:4      | Reached XP level 5. HP: 44/47 MP: 4/4
  2710 | D:4      | Found a broken altar of Ashenzari.
  2710 | D:4      | Found a snail-covered altar of Cheibriados.
  2732 | D:4      | Noticed a centaur
  2744 | D:4      | Killed a centaur
  2869 | D:4      | Reached XP level 6. HP: 22/55 MP: 5/5
  3153 | D:4      | Reached skill level 5 in Fighting
  3153 | D:4      | Reached skill level 5 in Armour
  3153 | D:4      | Reached skill level 5 in Shields
  3801 | D:5      | Entered Level 5 of the Dungeon
  3915 | D:5      | Reached XP level 7. HP: 57/61 MP: 6/6
  3967 | D:5      | Identified the +2 scale mail of Narcissism {rC- rN+ rCorr}
  4193 | D:5      | Reached skill level 5 in Maces & Flails
  4346 | D:5      | Found a shadowy altar of Dithmenos.
  4681 | D:5      | Found Lavokuxt's Lightly-Used Armoury.
  4729 | D:5      | Reached XP level 8. HP: 42/70 MP: 7/7
  4884 | D:5      | Found a white marble altar of Elyvilon.
  5218 | D:5      | HP: 2/70 [something (3)]
  5790 | D:6      | Noticed Maggie
  5790 | D:6      | Noticed Eustachio
  5851 | D:6      | Noticed Edmund
  5869 | D:6      | Killed Edmund
  6190 | D:6      | Noticed a gargoyle
  6256 | D:6      | Killed Eustachio
  6412 | D:6      | Found a staircase to the Ecumenical Temple.
  6420 | D:6      | HP: 3/73 [Maggie/+0 long sword (7)]
  6422 | D:6      | Killed from afar by Maggie

Illustrated notes

Levels and vault maps discovered:
D:1:      nicolae_arrival_somewhat_less_tricky_arrival, layout_basic,
          shapermc_ecumenical_altar_hornbeckon, st_stairs_14
D:2:      layout_rooms
D:3:      layout_basic, xom_butterflies, st_stairs_12,
          minmay_misc_feat_diagonals
D:4:      layout_basic, grunt_temple_overflow_open
D:5:      kennysheep_steamy, layout_basic, overflow_temple_1_default,
          grunt_dithmenos_smoke, minmay_shop_damaged, moated_statue,
          chequers_serial_rivers_large_b
D:6:      layout_cave_pods, bloody_trog, fedhas_altar_3,
          minmay_temple_entry_waves, minmay_manual_mess, uniq_maggie,
          uniq_edmund, uniq_eustachio

Skill      XL: |  1  2  3  4  5  6  7  8 |
---------------+-------------------------+-----
Fighting       | 4 5 6 7 |  7.1
Armour         | 4 5 6 7 |  7.1
Shields        | 4 5 6 7 |  7.1
Maces & Flails | 3 4 5 6 |  6.8
Evocations     | 1 2 3 4 |  4.4

Action                   |  1- 3 |  4- 6 |  7- 9 || total
-------------------------+-------+-------+-------++-------
Melee: Flail             |    95 |   164 |   136 ||   395
       Headbutt          |    15 |    29 |    28 ||    72
       Whip              |       |       |    52 ||    52
  Use: Scroll            |       |       |     5 ||     5
Armor: Scale mail        |    34 |       |       ||    34
       Plate armour      |    21 |   126 |   121 ||   268
Dodge: Dodged            |    25 |    25 |    45 ||    95
Block: Kite shield       |    62 |    93 |    91 ||   246

Table legend: (Time is in decaauts)
 A = Elapsed time spent in this place.
 B = Non-inter-level travel time spent in this place.
 C = Inter-level travel time spent in this place.
 D = Time resting spent in this place.
 E = Time spent auto-exploring this place.
 F = Levels seen in this place.
 G = Mean time per level.
                   A        B        C        D        E       F      G
               +--------+--------+--------+--------+--------+-----+--------+
         Total |   6589 |   6344 |    245 |   1736 |   3528 |   6 | 1098.2 |
       Dungeon |   6589 |   6344 |    245 |   1736 |   3528 |   6 | 1098.2 |
               +--------+--------+--------+--------+--------+-----+--------+

Top non-repeatable levels by time:
     D:5: 2133 daAuts
     D:4: 1181 daAuts
     D:3: 1132 daAuts
     D:1: 870 daAuts
     D:2: 740 daAuts
     D:6: 532 daAuts
